[Event "FIDE World Cup 2019"]
[Site "Khanty-Mansiysk"]
[Date "2019.10.02"]
[Round "7.3"]
[White "Yu, Yangyi"]
[Black "Vachier-Lagrave, Maxime"]
[Result "1/2-1/2"]
[ECO "D86"]
[WhiteElo "2763"]
[BlackElo "2774"]
[Annotator "ChessBase"]
[PlyCount "63"]
[EventDate "2019.09.07"]
[EventType "k.o."]
[EventCountry "RUS"]
[SourceTitle "playchess.com"]
[Source "ChessBase"]
[SourceQuality "1"]
[TimeControl "40/5400+30:1800+30"]

1. d4 Nf6 2. c4 g6 3. Nc3 d5 4. cxd5 Nxd5 5. e4 Nxc3 6. bxc3 Bg7 7. Bc4 c5 8. Ne2 Nc6 9. d5 Na5 10. Bd3 O-O 11. Rb1 e6 12. c4 f5 13. O-O fxe4 14. Bxe4 Nxc4 15. Nf4 Nd6 16. Bf3 exd5 17. Qxd5+ Kh8 18. Qxc5 Bf5 19. Bb2 Bxb2 20. Rxb2 Qf6 21. Re2 Rfc8 22. Qa5 Rc4 23. Nd5 Qd4 24. Re7 Rac8 25. Rd1 Rc1 26. Ree1 Nc4 27. Qb4 Rxd1 28. Rxd1 Qb2 29. Qe7 Qg7 30. g4 Bd7 31. Qxg7+ Kxg7 32. Ne3 1/2-1/2

[Event "FIDE World Cup 2019"]
[Site "Khanty-Mansiysk"]
[Date "2019.10.04"]
[Round "7.5"]
[White "Vachier-Lagrave, Maxime"]
[Black "Yu, Yangyi"]
[Result "1-0"]
[ECO "B40"]
[WhiteElo "2774"]
[BlackElo "2763"]
[Annotator "ChessBase"]
[PlyCount "131"]
[EventDate "2019.09.07"]
[EventType "k.o."]
[EventCountry "RUS"]
[SourceTitle "playchess.com"]
[Source "ChessBase"]
[SourceQuality "1"]
[TimeControl "1500+10"]

1. e4 c5 2. Nf3 e6 3. g3 Nc6 4. Bg2 Nf6 5. Qe2 Be7 6. e5 Nd5 7. O-O d6 8. exd6 Qxd6 9. Rd1 Nc7 10. d4 cxd4 11. Bf4 Qd8 12. Ne5 Nd5 13. Nxc6 bxc6 14. Be5 O-O 15. Bxd4 Bf6 16. Qd2 Bxd4 17. Qxd4 Qb6 18. c4 Nb4 19. Qc3 a5 20. Nd2 Bb7 21. a3 Na6 22. Ne4 c5 23. Rd6 Qc7 24. Rad1 Rad8 25. Qd2 Rxd6 26. Qxd6 Qb8 27. Qe7 Ba8 28. Rd7 Bc6 29. Nf6+ gxf6 30. Bxc6 Qxb2 31. Rb7 Qe5 32. h4 Kg7 33. Kg2 Nb8 34. Bf3 h6 35. Rb5 Na6 36. Rxa5 Nb8 37. Rxc5 Qd4 38. Rc7 Na6 39. Rc6 Rb8 40. Bh5 Qe4+ 41. Kh2 Rf8 42. Rxa6 Qf5 43. Kg2 Qxh5 44. Rxe6 Qf5 45. Re4 h5 46. Rf4 Qg6 47. Qe4 Qxe4+ 48. Rxe4 Rc8 49. a4 Rc5 50. Re3 Rxc4 51. Ra3 Rc6 52. a5 Ra6 53. Kf3 Kf8 54. Ke4 Ke7 55. f3 Ke6 56. g4 f5+ 57. gxf5+ Kd6 58. f6 Ke6 59. Ra4 Kxf6 60. Kd5 Ke7 61. Kc5 Kd7 62. Kb5 Rf6 63. a6 Kc7 64. a7 Rf5+ 65. Kb4 Rf4+ 66. Kb3 1-0

[Event "FIDE World Cup 2019"]
[Site "Khanty-Mansiysk"]
[Date "2019.10.04"]
[Round "7.6"]
[White "Ding, Liren"]
[Black "Radjabov, Teimour"]
[Result "1/2-1/2"]
[ECO "A29"]
[WhiteElo "2811"]
[BlackElo "2758"]
[Annotator "ChessBase"]
[PlyCount "79"]
[EventDate "2019.09.07"]
[EventType "k.o."]
[EventCountry "RUS"]
[SourceTitle "playchess.com"]
[Source "ChessBase"]
[SourceQuality "1"]
[TimeControl "1500+10"]

1. c4 Nf6 2. Nc3 e5 3. Nf3 Nc6 4. g3 d5 5. cxd5 Nxd5 6. Bg2 Bc5 7. O-O O-O 8. d3 h6 9. Nxd5 Qxd5 10. Nd2 Qe6 11. b3 Re8 12. Bb2 Bd7 13. e3 Rad8 14. a3 Qg6 15. Qc2 Bb6 16. b4 Bf5 17. Ne4 a6 18. Rfd1 Bg4 19. Rd2 Qh5 20. Rc1 Bf3 21. Qb3 Kh7 22. Nc5 Bxc5 23. Rxc5 Re6 24. a4 b6 25. Rc1 e4 26. b5 axb5 27. axb5 Ne5 28. Bxe5 Rxe5 29. Rxc7 Rxb5 30. Bxf3 exf3 31. Qd1 Rc5 32. Rxc5 bxc5 33. d4 Qf5 34. h4 Rb8 35. Qc2 Qxc2 36. Rxc2 cxd4 37. exd4 Rb1+ 38. Kh2 Rd1 39. Rc3 Rxd4 40. Rxf3 1/2-1/2

[Event "FIDE World Cup 2019"]
[Site "Khanty-Mansiysk"]
[Date "2019.10.04"]
[Round "7.7"]
[White "Ding, Liren"]
[Black "Radjabov, Teimour"]
[Result "1/2-1/2"]
[ECO "A29"]
[WhiteElo "2811"]
[BlackElo "2758"]
[Annotator "ChessBase"]
[PlyCount "81"]
[EventDate "2019.09.07"]
[EventType "k.o."]
[EventCountry "RUS"]
[SourceTitle "playchess.com"]
[Source "ChessBase"]
[SourceQuality "1"]
[TimeControl "600+10"]

1. c4 Nf6 2. Nc3 e5 3. Nf3 Nc6 4. g3 d5 5. cxd5 Nxd5 6. Bg2 Bc5 7. O-O O-O 8. d3 h6 9. Nxd5 Qxd5 10. Nd2 Qe6 11. b3 Re8 12. Bb2 Bd7 13. Rc1 Bd4 14. Bxd4 exd4 15. Ne4 b6 16. a3 Rac8 17. Re1 a5 18. Rc4 f5 19. Nd2 Qd6 20. Rc2 Ne5 21. Nc4 Nxc4 22. dxc4 Qxa3 23. Qxd4 Qxb3 24. Rb2 Qa3 25. c5 bxc5 26. Qc4+ Kh8 27. Rb7 Be6 28. Bd5 Bxd5 29. Qxd5 Qc3 30. Rbb1 Qe5 31. Qc6 Ra8 32. Rbc1 Qd6 33. Qxc5 Qxc5 34. Rxc5 a4 35. Rxc7 a3 36. Rc2 Rec8 37. Ra2 Rc3 38. Rb1 Ra5 39. h4 Kh7 40. Rb6 h5 41. Kg2 1/2-1/2

[Event "FIDE World Cup 2019"]
[Site "Khanty-Mansiysk"]
[Date "2019.10.04"]
[Round "7.8"]
[White "Radjabov, Teimour"]
[Black "Ding, Liren"]
[Result "1/2-1/2"]
[ECO "D40"]
[WhiteElo "2758"]
[BlackElo "2811"]
[Annotator "RC"]
[PlyCount "60"]
[EventDate "2019.09.07"]
[EventType "k.o."]
[EventCountry "RUS"]
[SourceTitle "playchess.com"]
[Source "ChessBase"]
[SourceQuality "1"]
[TimeControl "600+10"]

1. Nf3 d5 2. d4 Nf6 3. c4 e6 4. Nc3 c5 5. e3 dxc4 6. Bxc4 a6 7. O-O b5 8. Be2 Nbd7 9. d5 exd5 10. Nxd5 Bb7 11. Nxf6+ Qxf6 12. a4 b4 13. e4 h6 14. Qc2 Bd6 15. Be3 O-O 16. Nd2 Bf4 17. Bxf4 Qxf4 18. f3 Rfd8 19. Nc4 Ne5 20. Nxe5 Qxe5 21. Rac1 Rac8 22. Bc4 a5 23. Rfd1 Rd4 24. b3 Rcd8 25. Rxd4 cxd4 26. Qd3 h5 27. Rd1 Rd7 28. Bb5 Rd8 29. Bc4 Rd7 30. Bb5 Rd8 1/2-1/2

[Event "FIDE World Cup 2019"]
[Site "Khanty-Mansiysk"]
[Date "2019.10.04"]
[Round "7.10"]
[White "Radjabov, Teimour"]
[Black "Ding, Liren"]
[Result "1-0"]
[ECO "B59"]
[WhiteElo "2758"]
[BlackElo "2811"]
[Annotator "ChessBase"]
[PlyCount "91"]
[EventDate "2019.09.07"]
[EventType "k.o."]
[EventCountry "RUS"]
[SourceTitle "playchess.com"]
[Source "ChessBase"]
[SourceQuality "1"]
[TimeControl "300+3"]

1. e4 c5 2. Nf3 d6 3. d4 cxd4 4. Nxd4 Nf6 5. Nc3 Nc6 6. Be2 e5 7. Nb3 Be7 8. Bg5 O-O 9. Bxf6 Bxf6 10. Nd5 Bg5 11. Bg4 Be6 12. O-O g6 13. Bxe6 fxe6 14. Nc3 Qe7 15. Qd3 Rad8 16. Rad1 a6 17. a3 Kg7 18. Qg3 h5 19. Ne2 d5 20. Qc3 Rf6 21. Qc5 Qf7 22. c3 h4 23. h3 Rd7 24. Qb6 Re7 25. Nc5 Kh7 26. b4 d4 27. Nd3 Rd7 28. Qc5 dxc3 29. Qxc3 Bh6 30. a4 Nd4 31. Nxd4 exd4 32. Qc4 Qe7 33. Ne5 Rc7 34. Qxd4 Bf4 35. Ng4 Rf7 36. e5 Rf5 37. b5 axb5 38. axb5 g5 39. b6 Rc6 40. Qe4 Rxb6 41. Rd7 Qxd7 42. Nf6+ Kg7 43. Nxd7 Rb5 44. Qc4 Rd5 45. Nc5 Rfxe5 46. Nxe6+ 1-0